 Dungeon Crawl Stone Soup version 0.20.0-3-g22ec75f (webtiles) character file.

343 Angani the Skirmisher (level 6, -1/35 HPs)
             Began as a Vine Stalker Fighter on May 26, 2017.
             Slain by an orc wizard
             ... wielding a +2 dagger of electrocution
              (3 damage)
             ... on level 4 of the Dungeon.
             The game lasted 00:05:13 (2616 turns).

Angani the Skirmisher (Vine Stalker Fighter)        Turns: 2616, Time: 00:05:13

Health: -1/35      AC:  6    Str: 20    XL:     6   Next: 57%
Magic:  0/7        EV:  7    Int:  8    God:
Gold:   136        SH:  9    Dex: 14    Spells: 5/5 levels left

rFire    . . .     SeeInvis .   a - +1 rapier
rCold    . . .     Gourm    .   c - +0 shield
rNeg     . . .     Faith    .   b - +0 scale mail
rPois    .         Spirit   +   (no helmet)
rElec    .         Reflect  .   (no cloak)
rCorr    .         Harm     .   (no gloves)
MR       .....                  (no boots)
Stlth    ..........             (no amulet)
Regen    0.6/turn               (no ring)
MPRegen  0.1/turn               (no ring)

@: no status effects
A: fangs 2, regeneration 1, magic shield, antimagic bite, no potion heal 3, rot
immunity
a: no special abilities


You were on level 4 of the Dungeon.
You were not hungry.

You visited 1 branch of the dungeon, and saw 4 of its levels.

You collected 136 gold pieces.

Inventory:

Hand Weapons
 a - a +1 rapier (weapon)
Armour
 b - a +0 scale mail (worn)
 c - a +0 shield (worn)
Scrolls
 e - 4 scrolls of remove curse
 h - a scroll of enchant weapon
 p - a scroll of recharging
Potions
 i - 3 potions of haste {unknown}
 j - 2 potions of magic {unknown}
 k - a potion of might
 m - 2 potions of mutation {unknown}
 n - 2 potions of brilliance {unknown}
 o - a potion of berserk rage {unknown}
Comestibles
 d - a chunk of flesh
 f - 4 bread rations
 g - 2 meat rations
 l - a royal jelly


   Skills:
 - Level 5.0 Fighting
 + Level 4.4 Short Blades
 - Level 2.4 Armour
 - Level 2.6 Shields


You had 5 spell levels left.
You didn't know any spells.

Dungeon Overview and Level Annotations

Branches:
Dungeon (4/15)
 Temple: D:4-7

Altars:


Innate Abilities, Weirdness & Mutations

You have extremely sharp teeth.
Your natural rate of healing is unusually fast.
When hurt, damage is shared between your health and your magic reserves.
Your bite disrupts and absorbs the magic of your enemies.
Potions cannot restore your health.
You are immune to rotting.


Message History

Your shield prevents you from hitting the orc.
The orc is severely wounded.
You block the orc's attack.
You hit the orc.
You kill the orc!
You hit the orc but do no damage. The orc hits you but does no damage.
You barely miss the orc. The orc barely misses you.
The orc hits you but does no damage.
You hit the orc. Your bite misses the orc.
The orc is heavily wounded.
You miss something. Your bite misses something.
The leopard gecko hisses menacingly.
Something hits you.
You are electrocuted!
You completely miss something. Something hits you. x2
You hit something. Something hits you.
You completely miss something. Something hits you but does no damage.
Something hits you.
You are electrocuted!
* * * LOW HITPOINT WARNING * * *
You barely miss something. Your bite misses something. Something hits you.
You die...

..... ... ..#... .# .....
#.# .....#.# ...... #.#
#....#.# ..#..## #.#
#......## #.#...# #.#
#.......## ....#.# #.#
#......:.# #..##.### #.#
#........#
...##...####.#####O......#
......#.........@{l.....##
......########.###o.....##
...........# #..##.......#
.>....####..###.##.......#
......# #...#.##.......#
......# #.............##
......# #............##
####### #............#
#.........#..#


You could see an ogre, an orc and a leopard gecko.

Vanquished Creatures
  A scorpion (D:4)
  A howler monkey (D:4)
  A hound (D:4)
  2 orc priests
  Terence (D:2)
  A worker ant (D:4)
  3 adders
  3 worms
  5 dart slugs
  2 leopard geckos
  4 orcs
  A ball python (D:2)
  5 giant cockroaches
  5 goblins
  9 hobgoblins
  4 jackals (D:3)
  11 bats
  4 frilled lizards
  4 kobolds
  8 rats
75 creatures vanquished.

Notes
Turn   | Place    | Note
-------+----------+-------------------------------------------
     0 | D:1      | Angani the Vine Stalker Fighter began the quest for the Orb.
     0 | D:1      | Reached XP level 1. HP: 11/11 MP: 2/2
   206 | D:1      | Reached skill level 3 in Fighting
   206 | D:1      | Reached XP level 2. HP: 15/16 MP: 3/3
   869 | D:2      | Reached XP level 3. HP: 20/20 MP: 4/4
   989 | D:2      | Noticed Terence
  1010 | D:2      | Killed Terence
  1010 | D:2      | Gained mutation: Your natural rate of healing is unusually fast. [Vine Stalker growth]
  1010 | D:2      | Reached XP level 4. HP: 6/25 MP: 2/5
  1701 | D:3      | Reached skill level 4 in Fighting
  2021 | D:3      | Reached XP level 5. HP: 29/29 MP: 6/6
  2502 | D:4      | Reached XP level 6. HP: 25/34 MP: 4/7
  2584 | D:4      | Reached skill level 5 in Fighting
  2615 | D:4      | HP: 1/35 [something (16)]
  2616 | D:4      | Slain by an orc wizard

Skill      XL: |  1  2  3  4  5  6 |
---------------+-------------------+-----
Short Blades   | 2 3 4 |  4.4
Fighting       | 3 4 5 |  5.0
Armour         | |  2.4
Shields        | |  2.6

Action                   |  1- 3 |  4- 6 || total
-------------------------+-------+-------++-------
Melee: Rapier            |   103 |   179 ||   282
       Bite              |    22 |    45 ||    67
  Use: Scroll            |       |     6 ||     6
       Potion            |       |     1 ||     1
  Eat: Chunk             |       |     6 ||     6
Armor: Scale mail        |    50 |    50 ||   100
Dodge: Dodged            |    21 |    38 ||    59
Block: Shield            |    68 |    67 ||   135
